 Dungeon Crawl Stone Soup version 0.30-a0-738-g116ff8c4af (console) character file.

Game seed: 18293019273952206232

300 rlgrobin the Ruffian (level 6, -13/53 HPs)
             Began as a Troll Ice Elementalist on Feb 4, 2023.
             Mangled by an ogre
             ... wielding a +0 giant spiked club
              (29 damage)
             ... on level 4 of the Dungeon.
             The game lasted 00:04:54 (2754 turns).

rlgrobin the Ruffian (Troll Ice Elementalist)       Turns: 2754, Time: 00:04:55

Health: -13/53     AC:  6    Str: 17    XL:     6   Next: 13%
Magic:  6/6        EV:  9    Int: 13    God:
Gold:   201        SH:  0    Dex: 10    Spells: 6/7 levels left

rFire   . . .      SeeInvis .      - Unarmed
rCold   . . .      Faith    .    (no shield)
rNeg    . . .      Spirit   .    a - +0 robe
rPois   .          Reflect  .    (helmet restricted)
rElec   .          Harm     .    e - +1 cloak
rCorr   .          Rampage  .    (gloves unavailable)
Will    .....                    (boots unavailable)
Stlth   +                        (no amulet)
HPRegen 1.08/turn                h - ring of flight
MPRegen 0.10/turn                (no ring)

@: flying
A: large, unfitting armour, claws 3, regeneration 1, shaggy fur 1, tough skin 1
a: no special abilities


You were on level 4 of the Dungeon.
You visited 1 branch of the dungeon, and saw 4 of its levels.

You collected 201 gold pieces.

Inventory:

Armour
 a - a +0 robe (worn)
 c - a scarf of harm
 e - a +1 cloak (worn)
Jewellery
 h - a ring of flight (left claw)
 q - a ring of fire
Wands
 p - a wand of quicksilver (13)
Scrolls
 d - a scroll of magic mapping {unknown}
 g - 4 scrolls of identify {unknown}
 i - 2 scrolls of silence {unknown}
 j - a scroll of blinking {unknown}
 k - 2 scrolls of vulnerability {unknown}
 l - a scroll of amnesia {unknown}
 m - a scroll of enchant weapon
 r - a scroll of poison {unknown}
Potions
 b - a potion of magic
 f - a potion of cancellation {unknown}
 n - 2 potions of resistance {unknown}
 o - 2 potions of haste {unknown}


   Skills:
 - Level 1.5 Dodging
 - Level 1.0 Stealth
 + Level 6.1 Unarmed Combat
 - Level 1.2 Spellcasting
 - Level 2.9 Ice Magic


You had 6 spell levels left.
You knew the following spells:

 Your Spells              Type           Power      Damage    Failure   Level
a - Freeze                Ice            32%        1d5       9%          1

Your spell library contained the following spells:

 Spells                   Type           Power      Damage    Failure   Level
 Frozen Ramparts          Ice            16%        1d3       24%         3
 Ozocubu's Armour         Ice            8%         N/A       24%         3
 Dazzling Flash           Conj/Hex       0%         N/A       63%         3
 Vhi's Electric Charge    Tloc/Air       0%         N/A       63%         3
 Summon Ice Beast         Ice/Summ       4%         N/A       83%         4
 Animate Armour           Summ/Erth      0%         N/A       95%         4
 Iskenderun's Mystic Bla  Conj/Tloc      0%         2d3       95%         4
 Arcjolt                  Conj/Air       0%         1d10      100%        5
 Blade Hands              Tmut           0%         N/A       100%        5
 Iron Shot                Conj/Erth      0%         9d1       100%        6
 Starburst                Conj/Fire      0%         6d3       100%        6
 Maxwell's Capacitive Co  Air            0%         ∞         100%        8


Dungeon Overview and Level Annotations

Branches:
Dungeon (4/15)
 Temple: D:4-7

Altars:
Ashenzari

Shops:
D:1 ?=!


Innate Abilities, Weirdness & Mutations

You are too large for most types of armour.
You have claws for hands.
Your natural rate of healing is unusually fast.
You are covered in fur. (AC +1)
You have tough skin. (AC +1)


Message History

You reach down and open the door.
Found a stone staircase leading down.
There is an open door here.
You reach down and open the door.
There is a stone staircase leading down here.
There is an open door here.
You now have 201 gold pieces (gained 11).
There is an open door here.
There is a stone staircase leading up here.
g - 4 scrolls labelled DOSOTEBBEPT (gained 1)
You reach down and open the door.
There is an open door here.
You reach down and open the door.
There is an open door here.
There is an open door here.
The hobgoblin shouts! x2
You reach down and open the door.
There is an open door here.
There is an open door here.
There is an open door here.
The ogre shouts!
Found a scroll labelled DOSOTEBBEPT.
You scratch the ogre.
The ogre is lightly wounded.
The ogre hits you with a +0 giant spiked club!
You scratch the ogre.
The ogre is lightly wounded.
The ogre hits you with a +0 giant spiked club!!
Ouch! That really hurt!
* * * LOW HITPOINT WARNING * * *
You barely miss the ogre.
The ogre is lightly wounded.
Aiming: Quicksilver Bolt
Press: ? - help, Shift-Dir - straight line, f - ogre
Aim: an ogre, wielding a +0 giant spiked club (lightly wounded, 86% to hit)
The bolt of dispelling energy hits the ogre!!
The ogre is almost dead.
The ogre hits you with a +0 giant spiked club!!
Ouch! That really hurt!
You die...

#######
########################
#.....#
...........#............
#.....#
...........#............
#.....#
...........#....@O.....?
#.....#
...........'............
#.....##
...........#............
#......#
...........#............
#.####.#
###...####'###......##..
#.####.#
..#...###..########## .
###..#.#
..#....#............#
+.g#.#
..#....#............#
####.#
..#....#............#
#####.#


You could see an ogre.

Vanquished Creatures
  A black bear (D:4)
  A hound (D:3)
  Jessica (D:2)
  2 orc wizards (D:4)
  5 adders
  2 worms (D:3)
  2 dart slugs
  2 orcs (D:4)
  3 bats
  4 endoplasms
  4 giant cockroaches
  5 goblins
  3 hobgoblins
  3 quokkas
  5 ball pythons
  6 kobolds
  5 rats
54 creatures vanquished.

Notes
Turn   | Place    | Note
-------+----------+-------------------------------------------
     0 | D:1      | rlgrobin the Troll Ice Elementalist began the quest for the
                  | Orb.
     0 | D:1      | Reached XP level 1. HP: 16/16 MP: 1/1
    97 | D:1      | Reached skill level 1 in Unarmed Combat
   277 | D:1      | Found Cooleir's Distillery.
   282 | D:1      | Found Kucw's Jewellery Shoppe.
   292 | D:1      | Reached XP level 2. HP: 24/24 MP: 2/2
   297 | D:1      | Found Vuada's Magic Scroll Shoppe.
   334 | D:1      | Reached skill level 2 in Unarmed Combat
   334 | D:1      | Found a faded altar of an unknown god.
   887 | D:2      | Reached XP level 3. HP: 31/31 MP: 3/3
   937 | D:2      | Reached skill level 3 in Unarmed Combat
  1104 | D:2      | Noticed Jessica
  1109 | D:2      | Killed Jessica
  1110 | D:2      | Reached XP level 4. HP: 39/39 MP: 4/4
  1216 | D:2      | Reached skill level 4 in Unarmed Combat
  2205 | D:3      | Reached XP level 5. HP: 45/45 MP: 5/5
  2304 | D:4      | Noticed an ogre
  2342 | D:4      | Noticed a black bear
  2349 | D:4      | Killed a black bear
  2350 | D:4      | Reached skill level 5 in Unarmed Combat
  2439 | D:4      | Found a broken altar of Ashenzari.
  2550 | D:4      | Reached XP level 6. HP: 51/53 MP: 6/6
  2558 | D:4      | Reached skill level 6 in Unarmed Combat
  2754 | D:4      | Mangled by an ogre

Illustrated notes

Levels and vault maps discovered:
D:1:      psy_arrival_fountain, layout_basic, basic_ecumenical_altar,
          serial_shops, shop_statue, shop_fountains,
          nicolae_shop_temple_entry_statues_fountains
D:2:      layout_basic, hangedman_feature_mirror, uniq_jessica
D:3:      layout_loops_ring
D:4:      layout_gridville, general_overflow_altar, corexii_checkpoint_a

Skill      XL: |  1  2  3  4  5  6 |
---------------+-------------------+-----
Unarmed Combat | 1 2 3 4 5 6 |  6.1
Dodging        | |  1.5
Stealth        | |  1.0
Spellcasting   | |  1.2
Ice Magic      | |  2.9

Action                     |  1- 3 |  4- 6 || total
---------------------------+-------+-------++-------
  Melee: Unarmed           |    79 |    63 ||   142
         Punch             |     2 |     2 ||     4
   Cast: Freeze            |       |     1 ||     1
  Evoke: Wand              |       |     1 ||     1
    Use: Scroll            |       |     3 ||     3
   Stab: Sleeping          |       |     2 ||     2
 Armour: Robe              |    30 |    25 ||    55
  Dodge: Dodged            |    24 |    31 ||    55

Table legend: (Time is in decaauts)
 A = Elapsed time spent in this place.
 B = Non-inter-level travel time spent in this place.
 C = Inter-level travel time spent in this place.
 D = Time resting spent in this place.
 E = Time spent auto-exploring this place.
 F = Levels seen in this place.
 G = Mean time per level.
                   A        B        C        D        E       F      G
               +--------+--------+--------+--------+--------+-----+--------+
         Total |   2745 |   2638 |    107 |    128 |   1988 |   4 |  686.2 |
       Dungeon |   2745 |   2638 |    107 |    128 |   1988 |   4 |  686.2 |
               +--------+--------+--------+--------+--------+-----+--------+

Top non-repeatable levels by time:
     D:1: 870 daAuts
     D:3: 658 daAuts
     D:4: 625 daAuts
     D:2: 590 daAuts
